 Dungeon Crawl Stone Soup version 0.31-a0-1539-g569d6c7dce (webtiles) character file.

Game seed: 10177776298355545236

6953 Flugslaktarn the Fighter (level 10, 0/100 HPs)
             Began as a Minotaur Fighter on Jan 1, 2024.
             Was an Initiate of Gozag.
             Incinerated by a deep elf pyromancer (9 damage)
             ... with a pyre arrow
             ... on level 8 of the Dungeon.
             The game lasted 00:05:02 (7556 turns).

Flugslaktarn the Fighter (Minotaur Fighter)         Turns: 7556, Time: 00:05:03

Health: 0/100      AC: 37    Str: 25    XL:     10   Next: 80%
Magic:  9/9        EV:  6    Int:  5    God:    Gozag
Gold:   732        SH: 10    Dex: 10    Spells: 9/9 levels left

rFire   . . .        a - +0 war axe (elec)
rCold   x . .        k - +1 kite shield {rPois}
rNeg    . . .        j - +15 Maxwell's patent armour {-Cast -Tele rElec Will+ rCorr}
rPois   +            (helmet restricted)
rElec   +            (no cloak)
rCorr   +            (no gloves)
SInv    .            (no boots)
Will    +....        (no amulet) Stlth
                     p - +4 ring of protection
HPRegen 0.36/turn    u - +4 ring of protection
MPRegen 0.11/turn

%: no teleportation, no spellcasting, clarity
@: on fire, gold aura, glowing
A: horns 2, retaliatory headbutt, talons 1, clarity, cold vulnerability 1,
MP-powered wands
a: Renounce Religion, Potion Petition, Call Merchant, Bribe Branch


You were on level 8 of the Dungeon.
You worshipped Gozag.
Gozag was pleased with you.
You visited 1 branch of the dungeon, and saw 8 of its levels.
You also visited: Bailey.

You collected 1502 gold pieces.
You spent 396 gold pieces at shops.
You paid 374 gold pieces to Gozag.

Inventory:

Hand Weapons
 a - a +0 war axe of electrocution (weapon)
 c - a +0 broad axe
   (You took it off a meliai on level 8 of the Dungeon)
 i - a +0 battleaxe of flaming
   (You found it on level 2 of the Dungeon)
Armour
 j - the +15 Maxwell's patent armour (worn) {-Cast -Tele rElec Will+ rCorr}
   (You found it in a bailey)

   rElec:     It insulates you from electricity.
   Will+:     It increases your willpower.
   -Cast:     It prevents spellcasting.
   -Tele:     It prevents most forms of teleportation.
   rCorr:     It protects you from acid and corrosion.
 k - a +1 kite shield of poison resistance (worn)
   (You found it in a bailey)
 l - a scarf of harm
   (You found it in a bailey)
Jewellery
 p - a +4 ring of protection (left hand)
   (You found it on level 1 of the Dungeon)
 u - a +4 ring of protection (right hand)
   (You bought it in a shop on level 3 of the Dungeon)
Wands
 f - a wand of paralysis (7)
   (You found it on level 8 of the Dungeon)
 n - a wand of roots (7)
   (You found it on level 8 of the Dungeon)
Scrolls
 b - a scroll of enchant weapon {unknown}
 g - 2 scrolls of immolation
 m - a scroll of enchant armour
 r - 2 scrolls of identify
 t - a scroll of teleportation
 z - 2 scrolls of blinking
Potions
 d - 3 potions of might
 e - a potion of mutation
 h - 4 potions of haste
 q - 3 potions of curing
 w - 2 potions of heal wounds


   Skills:
 * Level 12.6 Fighting
 * Level 12.3 Axes
 + Level 9.3 Armour
 + Level 6.4 Shields


You had 9 spell levels left.
You didn't know any spells.
Your spell library contained the following spells:

 Spells                   Type           Power      Damage    Failure   Level
 Freeze                   Ice            0%         1d3       100%        1
 Magic Dart               Conj           0%         1d3       100%        1
 Necrotise                Necr           0%         1d4       100%        1
 Summon Small Mammal      Summ           0%         N/A       100%        1
 Blink                    Tloc           0%         N/A       100%        2
 Call Imp                 Summ           0%         N/A       100%        2
 Ensorcelled Hibernation  Hex/Ice        0%         N/A       100%        2
 Lesser Beckoning         Tloc           0%         N/A       100%        2
 Sublimation of Blood     Necr           0%         N/A       100%        2
 Call Canine Familiar     Summ           0%         N/A       100%        3
 Dazzling Flash           Conj/Hex       0%         N/A       100%        3
 Frozen Ramparts          Ice            0%         1d1       100%        3
 Fugue of the Fallen      Necr           0%         N/A       100%        3
 Gell's Gravitas          Tloc           0%         N/A       100%        3
 Hailstorm                Conj/Ice       0%         3d5       100%        3
 Stone Arrow              Conj/Erth      0%         3d7       100%        3
 Teleport Other           Tloc           0%         N/A       100%        3
 Vampiric Draining        Necr           0%         2d6       100%        3
 Volatile Blastmotes      Fire/Tloc      0%         2d10      100%        3
 Anguish                  Hex/Necr       0%         N/A       100%        4
 Animate Armour           Summ/Erth      0%         N/A       100%        4
 Martyr's Knell           Necr/Summ      0%         N/A       100%        4
 Petrify                  Alch/Erth      0%         N/A       100%        4
 Summon Blazeheart Golem  Fire/Summ      0%         N/A       100%        4
 Borgnjor's Vile Clutch   Necr/Erth      0%         N/A       100%        5
 Curse of Agony           Necr           0%         N/A       100%        5
 Irradiate                Conj/Alch      0%         3d11      100%        5
 Death Channel            Necr           0%         N/A       100%        6
 Starburst                Conj/Fire      0%         6d3       100%        6
 Lehudib's Crystal Spear  Conj/Erth      0%         10d2      100%        8
 Maxwell's Capacitive Co  Air            0%         ∞         100%        8
 Animate Dead             Necr           Unusable   N/A       N/A         4

Dungeon Overview and Level Annotations

Branches:
Dungeon (8/15)             Temple (0/1) D:4          Bailey (visited)
   Lair: D:8-11

Altars:
Elyvilon
Gozag
Kikubaaqudgha
Makhleb
Okawaru
Yredelemnul
Zin

Shops:
D:3 =   D:5 (

Annotations:
D:4 2 transporters, Gorgor's ghost, amateur MiFi
D:5 3 runed translucent doors, Tenar's ghost, amateur DsRe


Innate Abilities, Weirdness & Mutations

You have a pair of horns on your head.
You reflexively headbutt those who attack you in melee.
You have sharp toenails.
You possess an exceptional clarity of mind.
You are vulnerable to cold. (rC-)
You expend magic power (3 MP) to strengthen your wands.


Message History

You hit the killer bee.
Lightning courses through the killer bee!
Your headbutt misses the killer bee.
The killer bee is almost dead.
The killer bee stings you but does no damage.
A killer bee comes into view.
The killer bee stings you but does no damage.
A killer bee comes into view.
The killer bee stings you but does no damage.
The killer bee buzzes angrily.
You hit the killer bee.
You kill the killer bee!
You slash the killer bee! You block the killer bee's attack. x2
The deep elf pyromancer points at you and mumbles some strange words.
The pyre arrow hits you.
You are covered in intense liquid fire!
You miss the killer bee. Your kick misses the killer bee.
The killer bee is severely wounded.
The liquid fire burns you!
The killer bee stings you but does no damage. x2
You barely miss the killer bee.
The killer bee is severely wounded.
You closely miss the killer bee. The liquid fire burns you!
The killer bee stings you.
You are poisoned.
The killer bee poisons you!
The killer bee stings you but does no damage.
You block the killer bee's attack. x3
You slash the killer bee!
You kill the killer bee!
You miss the killer bee.
You hit the killer bee but do no damage.
The liquid fire burns you!
You feel sick. The killer bee barely misses you. You furiously retaliate!
You headbutt the killer bee, but do no damage.
You block the killer bee's attack. x2
The killer bee stings you but does no damage.
You block the killer bee's attack.
You closely miss the killer bee. You headbutt the killer bee!
The killer bee is heavily wounded.
You hit the killer bee. x2
Lightning courses through the killer bee!!
You kill the killer bee!
The liquid fire burns you!
You feel sick. The killer bee barely misses you.
You block the killer bee's attack.
The killer bee stings you but does no damage.
The killer bee barely misses you.
You miss the killer bee. Your kick misses the killer bee.
The killer bee is heavily wounded.
You slash the deep elf pyromancer! You miss the killer bee.
The liquid fire burns you!
You feel sick. You block the killer bee's attack. x2
The killer bee barely misses you.
The killer bee stings you but does no damage.
The deep elf pyromancer is distracted by your dazzling golden aura.
The deep elf pyromancer shouts!
You slash the killer bee!
You kill the killer bee!
You slash the deep elf pyromancer!
The deep elf pyromancer is no longer distracted by gold.
You completely miss the killer bee. The liquid fire burns you!
You feel sick.
The killer bee stings you but does no damage.
The killer bee is distracted by your dazzling golden aura.
The deep elf pyromancer gestures wildly while chanting.
The killer bee buzzes angrily.
You hit the deep elf pyromancer.
You claw the deep elf pyromancer, but do no damage.
The deep elf pyromancer is heavily wounded.
You closely miss the killer bee.
The killer bee is no longer distracted by gold.
The liquid fire burns you!
You feel sick.
You are no longer poisoned.
The killer bee is distracted by your dazzling golden aura.
The deep elf pyromancer hits you but does no damage.
You slash the deep elf pyromancer! You headbutt the deep elf pyromancer!
The deep elf pyromancer is almost dead.
You closely miss the fire elemental. You closely miss the killer bee.
The killer bee is no longer distracted by gold.
The liquid fire burns you!
* * * LOW HITPOINT WARNING * * *
You block the killer bee's attack. The fire elemental hits you.
You block the killer bee's attack.
The deep elf pyromancer hits you but does no damage.
You slash the deep elf pyromancer!
You kill the deep elf pyromancer!
The fire elemental disappears in a puff of smoke!
You closely miss the killer bee. The liquid fire burns you!
* * * LOW HITPOINT WARNING * * *
The killer bee stings you but does no damage. x2
You miss the killer bee. Your headbutt misses the killer bee.
The killer bee is lightly wounded.
The liquid fire burns you!
You die...
Your body crumbles into a pile of gold.

.#####...######
...##.........# ..
....#.#.#.#.#.# ...
....##.#.#.#.##. #...
.....#.......#.. .'...
...#.##.....##.####'#...
...#..#.#.#.#...........
...#..##.#.##....$......
...#...#...#....@$......
...#...##.##.#...y......
...#....#.#..#..........
#######.#.#.....#####...
#..#......# ..
#..#......# .
#.........# #.........#
#.........#


You could see a killer bee.

Vanquished Creatures
  A hydra (D:8)
  A two-headed ogre (D:8)
  A tengu warrior (D:8)
  A deep elf pyromancer (D:8)
  A meliai (D:8)
  A gargoyle (Bailey)
  Jeremiah (D:7)
  3 komodo dragons (D:8)
  Sigmund (D:4)
  A wraith (D:8)
  A steam dragon (D:8)
  3 water moccasins
  A black bear (D:6)
  2 ogres (D:4)
  2 centaurs (D:8)
  A phantom (D:4)
  5 bullfrogs
  2 scorpions
  A wight (D:8)
  4 killer bees (D:8)
  A howler monkey (D:6)
  8 vampire bats (Bailey)
  5 wolf zombies (Bailey)
  A jelly (D:8)
  4 hounds
  A gnoll bouda (D:8)
  4 orc priests
  Terence (D:3)
  2 sleepcaps
  2 orc wizards
  Robin (D:3)
  7 adders
  4 ufetubi (D:5)
  2 dart slugs
  A ribbon worm (D:2)
  25 orcs
  3 ball pythons
  6 bats
  6 endoplasms
  4 giant cockroaches
  18 goblins
  14 hobgoblins
  3 kobolds
  2 quokkas (D:2)
  17 orc zombies (Bailey)
  6 rats
  A spectral goblin (D:1)
183 creatures vanquished.

Notes
Turn   | Place    | Note
-------+----------+-------------------------------------------
     0 | D:1      | Flugslaktarn the Minotaur Fighter began the quest for the
                  | Orb.
     0 | D:1      | Reached XP level 1. HP: 19/19 MP: 0/0
   115 | D:1      | Reached XP level 2. HP: 26/27 MP: 1/1
   677 | D:1      | Found a faded altar of an unknown god.
   895 | D:1      | Prayed at the altar of an unknown god.
   895 | D:1      | Became a worshipper of Gozag Ym Sagoz the Greedy
  1002 | D:2      | Reached XP level 3. HP: 33/33 MP: 2/2
  1431 | D:2      | Reached XP level 4. HP: 41/41 MP: 3/3
  1545 | D:3      | Found Lituageo's Jewellery Shoppe.
  1602 | D:3      | Noticed Robin
  1623 | D:3      | Killed Robin
  1749 | D:3      | Noticed Terence
  1756 | D:3      | Killed Terence
  1757 | D:3      | Reached skill level 5 in Fighting
  1868 | D:3      | Found an iron altar of Okawaru.
  1898 | D:3      | Reached XP level 5. HP: 39/48 MP: 4/4
  2050 | D:3      | Found a basalt altar of Yredelemnul.
  2257 | D:4      | Noticed Gorgor's ghost (amateur MiFi)
  2260 | D:4      | Found a transporter.
  2271 | D:4      | Found a transporter.
  2271 | D:4      | Noticed Sigmund
  2283 | D:4      | Killed Sigmund
  2284 | D:4      | Reached skill level 5 in Axes
  2284 | D:4      | Reached XP level 6. HP: 47/57 MP: 5/5
  2331 | D:4      | Found a staircase to the Ecumenical Temple.
  2341 | D:4      | Reached skill level 5 in Armour
  2611 | D:4      | Reached XP level 7. HP: 35/64 MP: 6/6
  3281 | D:5      | Entered Level 5 of the Dungeon
  3701 | D:5      | Found a glowing silver altar of Zin.
  3808 | D:5      | Found Vois's Weapon Emporium.
  4156 | D:5      | Reached XP level 8. HP: 74/74 MP: 7/7
  4185 | D:5      | Found a runed translucent gate.
  4186 | D:5      | Found a runed translucent gate.
  4187 | D:5      | Found a runed translucent gate.
  4190 | D:5      | Noticed Tenar's ghost (amateur DsRe)
  4609 | D:6      | Found the +4 robe of Augmentation {Str+4 Int+4 Dex+4}
  4839 | D:6      | Found a burning altar of Makhleb.
  5126 | D:3      | Bought a +4 ring of protection for 396 gold pieces
  5312 | D:7      | Found a white marble altar of Elyvilon.
  5449 | D:7      | Found a flagged portal.
  5458 | Bailey   | Entered a bailey
  5577 | Bailey   | Reached XP level 9. HP: 81/84 MP: 8/8
  5751 | Bailey   | Noticed a gargoyle
  5761 | Bailey   | Killed a gargoyle
  5762 | Bailey   | Reached skill level 10 in Fighting
  5909 | Bailey   | Found the +15 Maxwell's patent armour {-Cast -Tele rElec
                  | Will+ rCorr}
  5913 | Bailey   | Gained mutation: You expend magic power (3 MP) to
                  | strengthen your wands. [potion of mutation]
  5913 | Bailey   | Gained mutation: You are vulnerable to cold. (rC-) [potion
                  | of mutation]
  5913 | Bailey   | Gained mutation: You have sharp toenails. [potion of
                  | mutation]
  5913 | Bailey   | Gained mutation: You possess an exceptional clarity of
                  | mind. [potion of mutation]
  6454 | D:7      | Noticed Jeremiah
  6481 | D:7      | Killed Jeremiah
  6482 | D:7      | Reached skill level 10 in Axes
  6634 | D:7      | Found an ancient bone altar of Kikubaaqudgha.
  6912 | D:8      | Noticed a komodo dragon
  6920 | D:8      | Noticed a six-headed hydra
  6925 | D:8      | Killed a komodo dragon
  6932 | D:8      | Killed a 12-headed hydra
  6932 | D:8      | Noticed a tengu warrior
  6933 | D:8      | Reached skill level 5 in Shields
  6933 | D:8      | Reached XP level 10. HP: 18/96 MP: 9/9
  6956 | D:8      | Killed a tengu warrior
  7096 | D:8      | Noticed a meliai
  7101 | D:8      | Killed a meliai
  7194 | D:8      | Noticed a two-headed ogre
  7203 | D:8      | Killed a two-headed ogre
  7544 | D:8      | Noticed a deep elf pyromancer
  7555 | D:8      | Killed a deep elf pyromancer
  7556 | D:8      | Incinerated by a deep elf pyromancer

Illustrated notes

Levels and vault maps discovered:
D:1:      dpeg_arrival_simpleton_b, layout_basic,
          dreamdust_ecumenical_altar_drowned_temple, hangedman_glass_garden,
          chequers_serial_rivers_room_b
D:2:      layout_basic
D:3:      layout_basic, mainiacjoe_overflow_surrounded_room,
          overflow_temple_1_default, serial_shops,
          nicolae_shop_temple_entry_statues_fountains, uniq_robin, uniq_terence
D:4:      layout_basic, minmay_temple_entry_large_hall, gammafunk_ghost_arena,
          uniq_sigmund
D:5:      layout_loops_corners, mainiacjoe_overflow_catwalk,
          ebering_ghost_rock_garden, serial_shops, shop_statue,
          minmay_misc_feat_ornament
D:6:      layout_basic, kennysheep_little_box, minivault_24,
          wad_floor_pattern_untrapped, mumra_transporter_accident
D:7:      layout_cave_pools, elyvilon_altar_4, kennysheep_mini, enter_bailey_2,
          nicolae_zig_zag_zippers, uniq_jeremiah
D:8:      minmay_the_grid_four_pointed_star
          [minmay_the_grid_triangle_9x9_zippers_horizontal,
          minmay_the_grid_triangle_9x9_skeleton,
          minmay_the_grid_triangle_9x9_minimal,
          minmay_the_grid_triangle_9x9_intruding_spiral,
          minmay_the_grid_prize_four_corners], layout_gridville

Skill      XL: |  1  2  3  4  5  6  7  8  9 10 |
---------------+-------------------------------+-----
Fighting       | 4 5 6 7 9 11 12 | 12.6
Axes           | 3 4 5 6 7 9 11 12 | 12.3
Armour         | 4 5 6 7 8 9 |  9.3
Shields        | 5 6 |  6.4

Action                     |  1- 3 |  4- 6 |  7- 9 | 10-12 || total
---------------------------+-------+-------+-------+-------++-------
  Melee: War axe           |    50 |       |    55 |    54 ||   159
         Headbutt          |     9 |     5 |    41 |    10 ||    65
         Battleaxe         |    20 |    84 |   173 |       ||   277
         Kick              |       |       |    20 |    10 ||    30
 Invoke: Potion Petition   |       |       |     1 |       ||     1
    Use: Scroll            |       |       |    14 |       ||    14
         Potion            |       |       |     7 |     3 ||    10
   Stab: Distracted        |       |     1 |       |       ||     1
 Armour: Scale mail        |    34 |       |       |       ||    34
         Chain mail        |    31 |    95 |   183 |       ||   309
         Plate armour      |       |       |   115 |    73 ||   188
         Skin              |       |       |    43 |       ||    43
  Dodge: Dodged            |    32 |    43 |   112 |    15 ||   202
  Block: Buckler           |     7 |       |       |       ||     7
         Kite shield       |       |       |    36 |    51 ||    87

Table legend: (Time is in decaauts)
 A = Elapsed time spent in this place.
 B = Non-inter-level travel time spent in this place.
 C = Inter-level travel time spent in this place.
 D = Time resting spent in this place.
 E = Time spent auto-exploring this place.
 F = Levels seen in this place.
 G = Mean time per level.
                   A        B        C        D        E       F      G
               +--------+--------+--------+--------+--------+-----+--------+
         Total |   7709 |   7385 |    324 |    703 |   5345 |   9 |  856.6 |
       Dungeon |   6916 |   6592 |    324 |    405 |   5140 |   8 |  864.5 |
        Bailey |    793 |    793 |      0 |    298 |    205 |   1 |  793.0 |
               +--------+--------+--------+--------+--------+-----+--------+

Top non-repeatable levels by time:
     D:4: 1228 daAuts
     D:5: 1139 daAuts
     D:1: 947 daAuts
     D:7: 805 daAuts
  Bailey: 793 daAuts
     D:8: 755 daAuts
     D:6: 734 daAuts
     D:3: 712 daAuts
     D:2: 594 daAuts
